Cogmind - Beta 13 @@@ ROGUE MODE // 2024.07.25 @ 13:39:00 Player: OctagonalPrism Result: Destroyed by Y-45 Defender with Beam Rifle Performance ------------- Evolutions (1) 500 Regions Visited (3) 600 Robots Destroyed (51) 255 Value Destroyed (1423) 1423 Prototype IDs (6) 120 Alien Tech Used (0) 0 Bonus (51) 51 TOTAL SCORE: 2949 Bonus ------- High Alert Combat Kills 51 Cogmind --------- Core Integrity 0/400 Matter 300/300 Energy 215/265 System Corruption 0% Temperature Cool (18) Movement Rolling (105) Ox1 Location -9/Storage Parts ------- > --- POWER (1) -------- Improved Ion Engine > --- PROPULSION (2) --- Armored Wheel Armored Wheel > --- UTILITY (4) ------ Heat Sink Heat Sink Small Storage Unit Light Armor Plating > --- WEAPON (2) ------- Improved Lightning Gun Improved Medium Laser > --- INVENTORY (8) ---- Heavy Ion Engine Armored Wheel Hacking Suite Improved EM Shotgun Beam Rifle Heavy Assault Rifle Mini Grenade Launcher Mining Claw Peak State ------------ > --- POWER ------------ Heavy Ion Engine > --- PROPULSION ------- Armored Wheel Armored Wheel > --- UTILITY ---------- Heat Sink Heat Sink Small Storage Unit Light Armor Plating > --- WEAPON ----------- Improved Lightning Gun Improved Medium Laser > --- INVENTORY -------- Improved Ion Engine Armored Wheel Improved EM Shotgun Beam Rifle Heavy Assault Rifle Mini Grenade Launcher Mining Claw [Rating: 21] Favorites ----------- Power Ion Engine Engine Ion Engine Propulsion Armored Wheel Treads Light Treads Wheel Armored Wheel Utility Small Storage Unit Device Heat Sink Storage Small Storage Unit Processor Targeting Computer Protection Light Armor Plating Weapon Spread Laser Energy Gun Spread Laser Ballistic Gun Assault Rifle Ballistic Cannon Light Cannon Slashing Weapon Mining Claw Build | -11 -10 -9 -9 ------- Run | Yrd Mat Mat Sto Slots Evolved 2 | . . 2 . Power . | . . . . Propulsion . | . . . . Utility 2 | . . 2 . Weapon . | . . . . Parts Attached 45 | 7 7 10 21 Power 8 | 1 1 1 5 Engine 8 | 1 1 1 5 Core . | . . . . Reactor . | . . . . Propulsion 7 | 2 2 1 2 Treads 2 | 2 . . . Leg . | . . . . Wheel 5 | . 2 1 2 Hover . | . . . . Flight . | . . . . Utility 13 | 2 2 5 4 Device 9 | 1 2 3 3 Storage 1 | 1 . . . Processor 1 | . . 1 . Hackware . | . . . . Protection 2 | . . 1 1 Artifact . | . . . . Weapon 17 | 2 2 3 10 Energy Gun 10 | 1 1 2 6 Energy Cannon . | . . . . Ballistic Gun 3 | 1 . 1 1 Ballistic Cannon 1 | . 1 . . Launcher . | . . . . Special Weapon . | . . . . Impact Weapon . | . . . . Slashing Weapon 3 | . . . 3 Piercing Weapon . | . . . . Special Melee Weapon . | . . . . Unidentified Prototypes 4 | . . . 4 Parts Lost 7 | . . 2 5 Power . | . . . . Propulsion 1 | . . . 1 Utility 4 | . . 1 3 Weapon 2 | . . 1 1 Highest Loss Streak 2 | . . 2 2 To Critical Strikes . | . . . . Average Slot Usage (%) 93 | . 100 96 84 Engine 12 | . 14 11 11 Wheel 23 | . 26 22 21 Device 14 | . 14 17 14 Storage 12 | . 14 11 11 Processor 4 | . . 11 3 Protection 1 | . . 1 2 Energy Gun 13 | . 14 11 15 Ballistic Gun 3 | . 2 4 4 Ballistic Cannon 6 | . 12 6 . Naked Turns . | . . . . Heaviest Build 26 | 14 17 21 26 Greatest Support 40 | 40 40 24 24 Greatest Overweight (x) 1 | . . . 1 Average Overweight (x) . | . . . . Largest Inventory Capacity 8 | 8 8 8 8 Average Capacity 7 | 7 8 8 8 Most Carried 8 | 1 7 5 8 Average Carried 4 | . 4 3 6 Final Capacity 8 | 8 8 8 8 Final Carried 8 | 1 6 5 8 Class Distribution -------------------- 92% | Mutant 7% | Scavenger-Mutant Dominant Class ---------------- Mutant | -10/Materials Mutant | -9/Materials Mutant | -9/Storage Resources | -11 -10 -9 -9 ----------- Run | Yrd Mat Mat Sto Matter Collected 919 | 154 191 285 289 Remotely . | . . . . Salvage Created 1483 | 12 273 363 835 Parts 94 | 3 24 26 41 Haulers Intercepted 1 | . . 1 . Recyclers Shooed . | . . . . Parts Field Recycled . | . . . . Retrieved Matter . | . . . . Parts Self-Destructed . | . . . . Prevented . | . . . . Kills | -11 -10 -9 -9 ------- Run | Yrd Mat Mat Sto Combat Hostiles Destroyed 43 | . 11 10 22 Guns 30 | . 2 8 20 Cannons 11 | . 9 2 . Classes Destroyed 7 | 1 4 2 . Tunneler 1 | 1 . . . Hauler 1 | . . 1 . Operator 2 | . 1 . 1 Watcher 4 | . 1 2 1 Swarmer 11 | . 3 4 4 Grunt 22 | . 8 2 12 Sentry 10 | . . 4 6 Best Kill Streak 5 | 1 3 4 5 Combat Bots Only 5 | . 3 4 5 Max Kills in Single Turn 2 | 1 1 1 2 Gunslinging 1 | . . . 1 Exploded . | . . . . Melee . | . . . . Uniques/NPCs Destroyed . | . . . . Combat | -11 -10 -9 -9 -------- Run | Yrd Mat Mat Sto Hostile Shots Fired 193 | . 33 26 134 Missed 44 | . 5 6 33 Damage Taken 1776 | . 298 219 1259 Core 451 | . 43 35 373 Absorbed by Shields . | . . . . Regen/Repaired (Parts) 89 | . . . 89 Core Remaining (%) 91 | 100 82 . . Volleys Fired 122 | 1 29 24 68 Largest 2 | 2 2 2 2 Hottest 116 | 60 100 100 116 Shots Fired 228 | 2 56 47 123 Gun 187 | 2 27 35 123 Cannon 41 | . 29 12 . Launcher . | . . . . Special . | . . . . Kinetic 87 | 1 29 23 34 Thermal 129 | 1 27 24 77 Explosive . | . . . . Electromagnetic 12 | . . . 12 Robot Hit Streak 28 | 2 5 23 28 Robot Miss Streak 10 | . 10 6 5 Penetration Max . | . . . . Secondary Targets 5 | . . 1 4 Max Gunslinging Chain 1 | . . 1 1 Shots Hit Robots 176 | 2 35 35 104 Core Hits 120 | 1 31 35 53 Critical Kills . | . . . . Critical Parts Destroyed . | . . . . Critical Strikes 8 | . . . 8 Burn 8 | . . . 8 Melee Attacks 10 | . . . 10 Impact . | . . . . Slashing 10 | . . . 10 Piercing . | . . . . Sneak Attacks . | . . . . Combat Hostiles . | . . . . Follow-up Attacks . | . . . . Damage Inflicted 2622 | 24 485 488 1625 Guns 2199 | 24 199 351 1625 Cannons 423 | . 286 137 . Explosions . | . . . . Melee . | . . . . Ramming . | . . . . Kinetic 878 | 13 286 220 359 Thermal 1557 | 11 199 268 1079 Explosive . | . . . . Electromagnetic 187 | . . . 187 Impact . | . . . . Slashing . | . . . . Piercing . | . . . . Highest Corruption 2 | . 2 . . Average Corruption 1 | . 1 . . Corruption Purged . | . . . . Corruption Blocked . | . . . . Effects 1 | . 1 . . Message Errors 1 | . 1 . . Overload Shots . | . . . . Overflow Damage . | . . . . Projectiles . | . . . . Explosions . | . . . . Melee . | . . . . Knockbacks 4 | . 3 1 . Impact . | . . . . Kinetic 4 | . 3 1 . Secondary . | . . . . Self-Inflicted Damage . | . . . . Shots . | . . . . Rammed . | . . . . Targets Rammed . | . . . . Kicked . | . . . . Crushed . | . . . . Highest Temperature 327 | . 327 42 225 Average Temperature 68 | . 101 13 46 Received Heat Transfer 696 | . 126 57 513 Effects 2 | . 2 . . Interference 2 | . 2 . . Siege Activations . | . . . . Robots Corrupted . | . . . . Combat Hostiles . | . . . . Parts Fried . | . . . . Impact Corruptions . | . . . . Robots Melted 2 | . . . 2 Combat Hostiles 2 | . . . 2 Parts Melted 9 | . . . 9 Heat Transferred 3442 | 25 240 335 2842 Parts Sabotaged . | . . . . Parts Stolen . | . . . . Parts Stripped . | . . . . Power Chain Reactions . | . . . . Alert | -11 -10 -9 -9 ------- Run | Yrd Mat Mat Sto Peak Influence 525 | 5 250 355 525 Initial 105 | . 3 105 65 Average 188 | 2 101 190 292 Maximum Alert Level 2 | . 1 1 2 Low Security (%) 57 | 100 88 62 19 Level 1 35 | . 11 37 60 Level 2 7 | . . . 20 Level 3 . | . . . . Level 4 . | . . . . Level 5 . | . . . . High Security . | . . . . Max Security . | . . . . Squads Dispatched 6 | . 4 . 2 Investigation 4 | . 4 . . Extermination . | . . . . Reinforcement 2 | . . . 2 Assault . | . . . . Garrison . | . . . . Intercept . | . . . . Searches Triggered . | . . . . Construction Impeded . | . . . . Haulers Reinforced . | . . . . Active Scanning Responses . | . . . . Cargo Convoy Interrupts . | . . . . Stealth | -11 -10 -9 -9 --------- Run | Yrd Mat Mat Sto Distress Signals 6 | . 3 2 1 Communications Jammed . | . . . . Distress Signals . | . . . . Times Spotted 65 | . 20 18 27 Peak Tracking Total 5 | . 5 5 5 Tactical Retreats 4 | . 2 1 1 Traps | -11 -10 -9 -9 ------- Run | Yrd Mat Mat Sto Traps Triggered 2 | . 2 . . Indirectly . | . . . . Trap Hack Attempts . | . . . . Triggered . | . . . . Disarmed . | . . . . Reprogrammed . | . . . . Reused . | . . . . Traps Extracted . | . . . . Installed . | . . . . Triggered . | . . . . Machines | -11 -10 -9 -9 ---------- Run | Yrd Mat Mat Sto Machines Disabled 1 | . . . 1 Max in Single Turn 1 | . . . 1 Machines Repaired . | . . . . Machines Dismantled . | . . . . Machines Sabotaged . | . . . . Overloaded Fab Kills . | . . . . Hacking | -11 -10 -9 -9 --------- Run | Yrd Mat Mat Sto Machines Accessed 22 | . 8 6 8 Terminals 16 | . 6 4 6 Fabricators . | . . . . Repair Stations 2 | . . 1 1 Recycling Units 3 | . 2 1 . Scanalyzers . | . . . . Garrison Access 1 | . . . 1 Total Hacks 61 | . 24 17 20 Successful 40 | . 10 13 17 Failed 21 | . 14 4 3 Catastrophic 4 | . 3 1 . Database Lockouts . | . . . . Manual 38 | . 22 9 7 Terminals 48 | . 18 15 15 Fabricators . | . . . . Repair Stations 4 | . . 1 3 Recycling Units 7 | . 6 1 . Scanalyzers . | . . . . Garrison Access 2 | . . . 2 Terminal Hacks 17 | . 2 6 9 Part Schematic 1 | . . . 1 Prototype ID Bank 1 | . 1 . . Open Door 3 | . . . 3 Branch Access Points 1 | . 1 . . Terminal Index 2 | . . 1 1 Alert Level 2 | . . 1 1 Unreport Threat 2 | . . 1 1 Locate Traps 3 | . . 2 1 Surveillance Status 1 | . . 1 . Zone Layout 1 | . . . 1 Fabricator Hacks . | . . . . Repair Station Hacks 2 | . . . 2 Scan Component 1 | . . . 1 Repair 1 | . . . 1 Recycling Unit Hacks . | . . . . Scanalyzer . | . . . . Garrison Access Hacks . | . . . . Unauthorized Hacks 21 | . 8 7 6 Terminals 13 | . 5 5 3 Botnet 10 | . 3 4 3 Detonate 1 | . 1 . . Disrupt 1 | . 1 . . Operators 1 | . . 1 . Fabricators . | . . . . Repair Stations 2 | . . 1 1 Mechanics 2 | . . 1 1 Recycling Units 4 | . 3 1 . Reject 1 | . 1 . . Recyclers 2 | . 1 1 . Mask 1 | . 1 . . Scanalyzers . | . . . . Garrison Access 2 | . . . 2 Broadcast 1 | . . . 1 Decoy 1 | . . . 1 Data Cores Recovered . | . . . . Used . | . . . . Hacking Detections 12 | . 6 2 4 Full Trace Events 5 | . 5 . . Feedback Events . | . . . . Feedback Blocked . | . . . . Robot Schematics Acquired . | . . . . Robots Built . | . . . . Authchips . | . . . . Time . | . . . . Total Robot Build Rating . | . . . . Part Schematics Acquired 1 | . . . 1 Parts Built . | . . . . Authchips . | . . . . Time . | . . . . Total Part Build Rating . | . . . . Parts Repaired 1 | . . . 1 Time 32 | . . . 32 Parts Recycled . | . . . . Recycled Matter . | . . . . Retrieved Matter . | . . . . Retrieved Components . | . . . . Parts Scanalyzed . | . . . . Part Schematics Acquired . | . . . . Parts Damaged . | . . . . Bothacking | -11 -10 -9 -9 ------------ Run | Yrd Mat Mat Sto Used RIF Installer . | . . . . Robots Hacked . | . . . . Non-combat . | . . . . Combat . | . . . . Robot Hacks Applied . | . . . . Relay Couplers Released . | . . . . Fabnet Peak Effective % . | . . . . Robots Rewired . | . . . . Allies Hacked . | . . . . Hacks Repelled . | . . . . Allies | -11 -10 -9 -9 -------- Run | Yrd Mat Mat Sto Total Allies . | . . . . Largest Group . | . . . . Highest-Rated Group . | . . . . Highest-Rated Ally . | . . . . Total Orders . | . . . . Ally Attacks . | . . . . Total Damage . | . . . . Kills . | . . . . Allies Corrupted . | . . . . Allies Melted . | . . . . Intel | -11 -10 -9 -9 ------- Run | Yrd Mat Mat Sto Robot Analysis Total . | . . . . Derelict Logs Recovered . | . . . . Drone Launches . | . . . . Drone Recoveries . | . . . . Exploration | -11 -10 -9 -9 ------------- Run | Yrd Mat Mat Sto Turns Passed 1794 | 74 634 426 660 Spaces Moved 1320 | 40 565 334 381 Core 4 | 4 . . . Treads 49 | 36 13 . . Legs . | . . . . Wheels 1267 | . 552 334 381 Hover . | . . . . Flight . | . . . . Fastest Speed 50 | 50 90 90 90 Average Speed 92 | 149 91 90 91 Slowest Speed 160 | 160 160 90 105 Overloaded Moves . | . . . . Propulsion Burnouts . | . . . . Robots Hopped . | . . . . Cave-ins Triggered . | . . . . Exploration Rate (%) 46 | 5 78 36 67 Regions Visited 3 Branch Regions 1 Pre-discovered Areas . | . . . . Known Exits Taken . | . . . . Unknown Exits Taken 3 | 1 1 1 . Scrap Searched . | . . . . Spaces Dug 3 | . . . 3 Terrain Destroyed 3 | . . . 3 Melee 3 | . . . 3 Projectile . | . . . . AOE . | . . . . Terrain Rammed . | . . . . Walls Destroyed . | . . . . Machines Disabled . | . . . . Actions | -11 -10 -9 -9 --------- Run | Yrd Mat Mat Sto Total 1634 | 50 626 411 547 Wait 104 | 1 13 36 54 Move 1317 | 39 564 333 381 Hop . | . . . . Pick Up 13 | 2 6 2 3 Fast Attach 20 | 6 2 3 9 Attach 8 | 1 3 3 1 Detach 5 | . 2 . 3 Swap 17 | . 2 4 11 Drop 18 | . 5 6 7 Fire 122 | 1 29 24 68 Melee 10 | . . . 10 Ram . | . . . . Kick . | . . . . Crush . | . . . . Escape Stasis . | . . . . Rewire . | . . . . Trap . | . . . . Miscellaneous . | . . . . Route ------- -11/Scrapyard -10/Materials (discovered 4 exits: *Mat x2 / *Min x2) -9/Materials (discovered 2 exits: [*Min] / *Sto) -9/Storage History --------- Turn | Location | Event 24 | -11/Scrapyard | Discovered new exit (range 16) 75 | -11/Scrapyard | Entered Materials 178 | -10/Materials | Discovered new exit (range 13) 227 | -10/Materials | Discovered new exit (range 8) 301 | -10/Materials | Build established: Mutant 449 | -10/Materials | Discovered new exit (range 14) 461 | -10/Materials | Discovered new exit (range 16) 561 | -10/Materials | Identified exit to Mines 709 | -10/Materials | Entered another Materials area 709 | -9/Materials | Evolved 2 slots: Utility x2 889 | -9/Materials | Discovered new exit (range 6) 929 | -9/Materials | Discovered new exit (range 4) 1135 | -9/Materials | Entered Storage 1350 | -9/Storage | Core integrity fell below 50% 1433 | -9/Storage | Repaired Arm. Wheel 1528 | -9/Storage | Core integrity fell below 20% 1795 | -9/Storage | Destroyed by Y-45 Defender with Beam Rifle Last Messages --------------- Sealed Heavy Doors opened. Acquired Prototype Energy Gun. Identified Imp. Lightning Gun. G-34 Mercenary destroyed. U-05 Engineer builds a Door. Acquired 50 matter. Acquired 10 matter. Acquired Heat Sink. Acquired 10 matter. Acquired Lgt. Armor Plating. O-16 Technician destroyed. Acquired Hacking Suite. U-05 Engineer builds a Door. Y-45 Defender suffers critical hit (Burn). Y-45 Defender destroyed. Acquired 20 matter. Y-45 Defender suffers critical hit (Burn). Y-45 Defender misfires. Y-45 Defender suffers critical hit (Burn). Y-45 Defender heat damages Heat Sink. Map ----- +----------------------------------------------------+ | #??# """" # #???????????????# #? | | #????# ########### ################# #? | | #????# # ## ""## # #? | | #????###"T"#### ## ""## """ """ # #? | | #??????#"""#??# ## T"# """ """ # #? | | #??????#####??# ## ""## """ """ # #? | | #?????????????# ## ""## # #? | | #?????????????#+###+##### =########+##+##### #? | | ??????????????# !%=% #? | | ??????????????# =** +? | | ??????????????# % #? | | ??????????????##############T###### ######## ##? | | ???????????????????????????###????# #??????# #?? | | ??????????????????????????????????# #??????# #?? | | ??????????????????????????????????# #??????# ### | | ??????????????????????????????????# ########/## | | ??????????????????????????????????# ## + | | ??????????????????????????????????# ## # | | ??????????????????????????????????# ## """" # | | ?????????????????????????????????? ## "*[" # | | ??????????????????????????????????# ## "= " # | | ??????????????????????????#####???# ## "[[" # | | ????????????????????????###"T"##### ## *[ " + | | ???????????????# #### / # ## """" # | | ???????????????+ Y% =% # ## # | | ???????????????# ####@""" """ # ########### | | ????????????????????????# """ """ + #??# # | | ????????????????????????# """ """ # #### # | | ????????????????????????# # + # | | ????????????????????????# # *%#### # | | ????????????????????????# +==[#??# # | | ????????????????????????##" "########+#??# # | | ?????????????????????????#"R"#?????#T #??# / | | ?????????????????????????#"""#?????## #??# # | | ?????????????????????????#####??????# #??# # | | ????????????????????????????????????###??# # | | ?????????????????????????????????????????# # | | ?????????????????????????????????????????# # | | ?????????????????????????????????????????# # | | ?????????????????????????????????????????######## | | ???????????????????????????????????????????????## | | ???????????????????????????????????????????????## | | ???????????????????????????????????????????????#"" | | ?????????????????????????????????????????????????? | | ?????????????????????????????????????????????????? | | ?????????????????????????????????????????????????? | | ?????????????????????????????????????????????????? | | ?????????????????????????????????????????????????? | | ?????????????????????????????????????????????????? | | ?????????????????????????????????????????????????? | +----------------------------------------------------+ Best States ------------- Heat Dissipation 48 Energy Generation 14 Energy Capacity 280 Matter Stores 300 Matter Capacity 300 Sight Range 16 Terrain Scan Range 16 Terrain Scan Density 10 Armor Coverage 150 Evasion (%) 42 Targeting Accuracy 5 Recoil Reduction 2 Item Schematics ----------------- Med. Armor Plating | -9/Storage | Hacked Robot Schematics ------------------ None Fabricated ------------ Nothing Alien Tech Used ----------------- None Achievements -------------- None Challenges ------------ None Game ------ Seed AntimissileConcussiveRail Manual? 0 Play Time 00:37:21 Cumulative 27.1 hours Start 2024.07.25 @ 13:02:17 End 2024.07.25 @ 13:39:00 Sessions 1 Manual Loads 0 Difficulty Rogue Special Mode None Game No. 25 Rogue 25 Adventurer 0 Explorer 0 Win Type - Total 0 Types 0/0/0/0/0/0/0/0/0 Lore% 18 Gallery% 27 Achievement% 21 Wizard Run 0 Options --------- Layout 1 ASCII 0 Keyboard 0 Movement Mouse Keybinds 0 Fullscreen 1 Font 16/Terminus Map View 55x38 Zoom Use 0% Tactical HUD 0 Map Filters NONE Filters NONE Steam 1 RUN: 4f5e8b92-ab43-4add-9f40-4fcccaded9e9